 Dungeon Crawl Stone Soup version 0.31-a0-1104-g3bd3108e02 (webtiles) character file.

Game seed: 5330868750202027225

90 Dirtsage the Chopper (level 4, -1/39 HPs)
             Began as a Minotaur Fighter on Dec 2, 2023.
             Killed from afar by an orc wizard (5 damage)
             ... with a magic dart
             ... on level 3 of the Dungeon.
             The game lasted 00:01:54 (1955 turns).

Dirtsage the Chopper (Minotaur Fighter)             Turns: 1955, Time: 00:01:54

Health: -1/39      AC:  8    Str: 22    XL:     4   Next: 32%
Magic:  3/3        EV:  9    Int:  5    God:
Gold:   80         SH:  4    Dex: 10    Spells: 3/3 levels left

rFire   . . .        a - +0 war axe
rCold   . . .        c - +0 buckler
rNeg    . . .        b - +0 scale mail
rPois   .            (helmet restricted)
rElec   .            (no cloak)
rCorr   .            g - +0 pair of gloves
SInv    .            (no boots)
Will    .....        (no amulet) Stlth
                     (no ring)
HPRegen 0.26/turn    (no ring)
MPRegen 0.08/turn

%: no passive effects
@: no status effects
A: horns 2, retaliatory headbutt
a: no special abilities


You were on level 3 of the Dungeon.
You visited 1 branch of the dungeon, and saw 3 of its levels.

You collected 80 gold pieces.

Inventory:

Hand Weapons
 a - a +0 war axe (weapon)
Armour
 b - a +0 scale mail (worn)
 c - a +0 buckler (worn)
 g - a +0 pair of gloves (worn)
Scrolls
 e - 4 scrolls of identify {unknown}
 i - 2 scrolls of fog {unknown}
 j - 2 scrolls of amnesia {unknown}
 m - a scroll of revelation {unknown}
Potions
 d - a potion of might
 f - a potion of berserk rage {unknown}
 h - a potion of cancellation {unknown}
 k - a potion of brilliance {unknown}
 l - a potion of heal wounds {unknown}
 n - a potion of mutation {unknown}


   Skills:
 - Level 3.6 Fighting
 + Level 5.6 Axes
 - Level 3.6 Armour
 - Level 3.6 Shields


You had 3 spell levels left.
You didn't know any spells.
Your spell library was empty.

Dungeon Overview and Level Annotations

Branches:
Dungeon (3/15)

Altars:


Innate Abilities, Weirdness & Mutations

You have a pair of horns on your head.
You reflexively headbutt those who attack you in melee.


Message History

A puff of flame appears from out of thin air!
The puff of flame misses you.
You closely miss something. Your headbutt misses something. Something hits you.
You take 1 damage, and have 15/39 hp.
You barely miss something. Something hits you.
You take 2 damage, and have 13/39 hp.
You closely miss something. Something hits you but does no damage.
Something hits you.
You take 1 damage, and have 12/39 hp.
You closely miss something. Something hits you but does no damage.
You miss something. You block something's attack.
You miss something. Something hits you but does no damage.
You miss something. Your headbutt misses something.
An orc wizard appears from thin air!
Reactivating autopickup.
The orc wizard gestures wildly while chanting.
The orc wizard flickers and vanishes!
Deactivating autopickup; reactivate with Ctrl-A.
Something hits you.
* * * LOW HITPOINT WARNING * * *
You take 2 damage, and have 11/39 hp.
You closely miss something. Your headbutt misses something. Something hits you.
* * * LOW HITPOINT WARNING * * *
You take 2 damage, and have 9/39 hp.
You closely miss something. Your headbutt misses something.
Something hits you but does no damage.
You barely miss something. You headbutt something. Something hits you.
* * * LOW HITPOINT WARNING * * *
You take 1 damage, and have 9/39 hp.
You barely miss something. Something hits you but does no damage.
You hear some strange, mumbled words.
A puff of flame appears from out of thin air!
The puff of flame hits you.
* * * LOW HITPOINT WARNING * * *
You take 6 damage, and have 3/39 hp.
You barely miss something.
You hear some strange, mumbled words.
A magic dart appears from out of thin air!
The magic dart hits you.
You die...

.# ##. #.#
#... ..
#....###.###
#....#.....
#....#...#####
#....#.)....[#
#......# #
#...##@#.#
#...).{)#
#.<.##.##
#...##...
#######....
...... ######


There were no monsters in sight!

Vanquished Creatures
  4 adders (D:2)
  2 dart slugs
  3 orcs (D:3)
  4 bats
  2 endoplasms
  A giant cockroach (D:1)
  3 goblins
  5 hobgoblins
  4 jackals
  4 kobolds
  2 quokkas
  4 ball pythons
  A frilled lizard (D:2)
  4 rats
43 creatures vanquished.

Notes
Turn   | Place    | Note
-------+----------+-------------------------------------------
     0 | D:1      | Dirtsage the Minotaur Fighter began the quest for the Orb.
     0 | D:1      | Reached XP level 1. HP: 19/19 MP: 0/0
    90 | D:1      | Reached skill level 3 in Axes
   113 | D:1      | Reached XP level 2. HP: 26/26 MP: 1/1
   492 | D:1      | Reached skill level 4 in Axes
   899 | D:2      | Reached XP level 3. HP: 31/31 MP: 2/2
  1284 | D:2      | Reached skill level 5 in Axes
  1381 | D:2      | Reached XP level 4. HP: 39/39 MP: 3/3
  1955 | D:3      | Killed from afar by an orc wizard

Illustrated notes

Levels and vault maps discovered:
D:1:      minmay_arrival_checkered_box, layout_basic
D:2:      layout_basic, st_stairs_9, grunt_ministairs_7
D:3:      layout_basic, minmay_misc_feat_tiny

Skill      XL: |  1  2  3 |
---------------+----------+-----
Axes           | 3 4 5 |  5.6
Fighting       | |  3.6
Armour         | |  3.6
Shields        | |  3.6

Action                     |  1- 3 |  4- 6 || total
---------------------------+-------+-------++-------
  Melee: War axe           |    80 |    43 ||   123
         Headbutt          |     6 |     3 ||     9
 Armour: Scale mail        |    63 |    37 ||   100
  Dodge: Dodged            |    43 |    14 ||    57
  Block: Buckler           |    24 |     2 ||    26

Table legend: (Time is in decaauts)
 A = Elapsed time spent in this place.
 B = Non-inter-level travel time spent in this place.
 C = Inter-level travel time spent in this place.
 D = Time resting spent in this place.
 E = Time spent auto-exploring this place.
 F = Levels seen in this place.
 G = Mean time per level.
                   A        B        C        D        E       F      G
               +--------+--------+--------+--------+--------+-----+--------+
         Total |   1992 |   1887 |    105 |      0 |   1596 |   3 |  664.0 |
       Dungeon |   1992 |   1887 |    105 |      0 |   1596 |   3 |  664.0 |
               +--------+--------+--------+--------+--------+-----+--------+

Top non-repeatable levels by time:
     D:2: 1051 daAuts
     D:1: 893 daAuts
     D:3: 47 daAuts
